 Dungeon Crawl Stone Soup version 0.28.0-43-g3370ac3207 (webtiles) character file.

Game seed: 3925716762277121469

14 GreyFruit the Skirmisher (level 2, -2/24 HPs)
             Began as a Demonspawn Abyssal Knight on Mar 7, 2022.
             Was a Follower of Lugonu.
             Slain by a worm (10 damage)
             ... on level 2 of the Dungeon.
             The game lasted 00:01:59 (813 turns).

GreyFruit the Skirmisher (Demonspawn Abyssal Knight) Turns: 813, Time: 00:02:01

Health: -2/24      AC:  4    Str: 13    XL:     2   Next: 27%
Magic:  4/4        EV: 11    Int: 11    God:    Lugonu [*.....]
Gold:   33         SH:  0    Dex: 13    Spells: 1/1 levels left

rFire   . . .      SeeInvis .   a - +1 spear
rCold   . . .      Faith    .   (no shield)
rNeg    . . .      Spirit   .   b - +0 leather armour
rPois   .          Reflect  .   (helmet restricted)
rElec   .          Harm     .   (no cloak)
rCorr   .          Rampage  .   g - +0 pair of gloves
Will    .....                   (no boots)
Stlth   +.........              (no amulet)
HPRegen 0.08/turn               (no ring)
MPRegen 0.09/turn               (no ring)

@: no status effects
A: antennae 1
a: Renounce Religion, Depart the Abyss


You were on level 2 of the Dungeon.
You worshipped Lugonu.
Lugonu was aware of your devotion.
You visited 1 branch of the dungeon, and saw 2 of its levels.
You visited the Abyss 1 time.

You collected 33 gold pieces.

Inventory:

Hand Weapons
 a - a +1 spear (weapon)
Armour
 b - a +0 leather armour (worn)
 g - a +0 pair of gloves (worn)
Scrolls
 c - a scroll of magic mapping {unknown}
 d - a scroll of identify {unknown}
 f - a scroll of torment {unknown}
 h - a scroll of enchant weapon {unknown}
Potions
 e - a potion of lignification {unknown}


   Skills:
 + Level 3.1 Fighting
 + Level 2.0 Polearms
 + Level 2.0 Armour
 + Level 1.1 Dodging
 + Level 2.7 Invocations


You had one spell level left.
You didn't know any spells.
Your spell library was empty.

Dungeon Overview and Level Annotations

Branches:
Dungeon (2/15)

Altars:


Innate Abilities, Weirdness & Mutations

You have a pair of small antennae on your head.


Message History

Reach: a) +1 spear
Press: ? - help, Dir - move target, f/p - worm
Aim: a worm (lightly wounded, about 20% to evade your +1 spear)
You hit the worm but do no damage.
The worm is lightly wounded.
Reach: a) +1 spear
Press: ? - help, Dir - move target, f/p - worm
Aim: a worm (lightly wounded, about 20% to evade your +1 spear)
You barely miss the worm.
The worm is lightly wounded.
The worm bites you.
* * * LOW HITPOINT WARNING * * *
Reach: a) +1 spear
Press: ? - help, Dir - move target, f/p - worm
Aim: a worm (about 20% to evade your +1 spear)
You reach to attack!
You hit the worm.
The worm is moderately wounded.
Reach: a) +1 spear
Press: ? - help, Dir - move target, f/p - worm
Aim: a worm (moderately wounded, about 20% to evade your +1 spear)
You reach to attack!
You hit the worm.
The worm is moderately wounded.
Reach: a) +1 spear
Press: ? - help, Dir - move target, f/p - worm
Aim: a worm (moderately wounded, about 20% to evade your +1 spear)
You reach to attack!
You puncture the worm!
The worm is severely wounded.
Found a stone staircase leading down.
Reach: a) +1 spear
Press: ? - help, Dir - move target, f/p - worm
Aim: a worm (heavily wounded, about 20% to evade your +1 spear)
You reach to attack!
You hit the worm.
The worm is severely wounded.
Reach: a) +1 spear
Press: ? - help, Dir - move target, f/p - worm
Aim: a worm (severely wounded, about 20% to evade your +1 spear)
You hit the worm but do no damage.
The worm is severely wounded.
The worm bites you!
You die...

# ###.#### # #......#
####.#.#### .....#.#
####.#.# ####.#.#
.....#.#
####.#.##############.##
....<.†........w@.....>#
####[################..#
# #.# ####.#######
............
####.#...... # #.#...>..
# #.# ..... # #.# .....


You could see a worm.

Vanquished Creatures
  A worm (D:2)
  A bat (D:1)
  3 endoplasms
  A goblin (D:1)
  A ball python (D:1)
  A frilled lizard (D:1)
  A kobold (D:1)
  2 rats (D:1)
11 creatures vanquished.

Notes
Turn   | Place    | Note
-------+----------+-------------------------------------------
     0 | Abyss:1  | GreyFruit the Demonspawn Abyssal Knight began the quest for
                  | the Orb.
     0 | Abyss:1  | Reached XP level 1. HP: 18/18 MP: 2/2
    13 | D:1      | Escaped the Abyss
   147 | D:1      | Reached skill level 1 in Dodging
   294 | D:1      | Found a faded altar of an unknown god.
   388 | D:1      | Discovered your monstrous ancestry.
   388 | D:1      | Gained mutation: You have a pair of small antennae on your
                  | head. [demonic ancestry]
   388 | D:1      | Reached XP level 2. HP: 24/24 MP: 4/4
   813 | D:2      | Slain by a worm

Illustrated notes

Levels and vault maps discovered:
D:1:      dpeg_arrival_fog, layout_loops_ring, basic_ecumenical_altar
D:2:      layout_basic

Skill      XL: |  1  2 |
---------------+-------+-----
Dodging        | 1 |  1.1
Armour         | 2 |  2.0
Polearms       | 2 |  2.0
Fighting       | |  3.1
Invocations    | |  2.7

Action                   || total
-------------------------++-------
Melee: Spear             ||    53
       Punch             ||     1
 Stab: Sleeping          ||     3
Armor: Leather armour    ||     4
Dodge: Dodged            ||     8
